 Dungeon Crawl Stone Soup version 0.28.0-47-ge53b351184 (webtiles) character file.

Game seed: 6203280671281884531

50 101zpm the Gusty (level 3, -3/26 HPs)
             Began as a Gnoll Air Elementalist on Apr 25, 2022.
             Slain by a gnoll
             ... wielding a +0 spear
              (7 damage)
             ... on level 1 of the Dungeon.
             The game lasted 00:02:34 (1737 turns).

101zpm the Gusty (Gnoll Air Elementalist)           Turns: 1737, Time: 00:02:35

Health: -3/26      AC:  2    Str:  7    XL:     3   Next: 79%
Magic:  9/9        EV: 13    Int: 16    God:
Gold:   40         SH:  0    Dex: 12    Spells: 11/12 levels left

rFire   . . .      SeeInvis .     - Unarmed
rCold   . . .      Faith    .   (no shield)
rNeg    . . .      Spirit   .   a - +0 robe
rPois   .          Reflect  .   (no helmet)
rElec   .          Harm     .   (no cloak)
rCorr   .          Rampage  .   (no gloves)
Will    .....                   (no boots)
Stlth   ++........              (no amulet)
HPRegen 0.08/turn               (no ring)
MPRegen 0.11/turn               (no ring)

@: no status effects
A: fangs 1, strong nose, distributed training
a: no special abilities


You were on level 1 of the Dungeon.
You visited 1 branch of the dungeon, and saw 2 of its levels.

You collected 40 gold pieces.

Inventory:

Armour
 a - a +0 robe (worn)
Scrolls
 b - a scroll of fog {unknown}
 c - a scroll of teleportation {unknown}
 f - 3 scrolls of blinking {unknown}
Potions
 d - a potion of curing {unknown}
 e - a potion of magic {unknown}


   Skills:
 + Level 1.0 Fighting
 + Level 1.0 Short Blades
 + Level 1.0 Long Blades
 + Level 1.0 Axes
 + Level 1.0 Maces & Flails
 + Level 1.0 Polearms
 + Level 1.0 Staves
 + Level 1.0 Slings
 + Level 1.0 Bows
 + Level 1.0 Crossbows
 + Level 1.0 Throwing
 + Level 1.0 Armour
 + Level 4.6 Dodging
 + Level 4.2 Stealth
 + Level 1.0 Shields
 + Level 1.0 Unarmed Combat
 + Level 5.0 Spellcasting
 + Level 2.1 Conjurations
 + Level 0.7 Hexes
 + Level 0.7 Summonings
 + Level 0.7 Necromancy
 + Level 0.7 Translocations
 + Level 0.7 Transmutations
 + Level 0.7 Fire Magic
 + Level 0.7 Ice Magic
 + Level 5.4 Air Magic
 + Level 0.7 Earth Magic
 + Level 0.7 Poison Magic
 + Level 1.0 Invocations
 + Level 1.0 Evocations


You had 11 spell levels left.
You knew the following spells:

 Your Spells              Type           Power      Damage    Failure   Level
a - Shock                 Conj/Air       64%        1d7       3%          1

Your spell library contained the following spells:

 Spells                   Type           Power      Damage    Failure   Level
 Static Discharge         Conj/Air       16%        N/A       4%          2
 Swiftness                Air            21%        N/A       4%          3
 Corpse Rot               Necr/Air       26%        N/A       6%          2
 Airstrike                Air            10%        N/A       16%         4
 Dispel Undead            Necr           6%         3d8       75%         4
 Death Channel            Necr           3%         N/A       100%        6


Dungeon Overview and Level Annotations

Branches:
Dungeon (2/15)

Altars:


Innate Abilities, Weirdness & Mutations

You have very sharp teeth.
Your uncanny sense of smell can sniff out nearby items.
Your experience applies equally to all skills.


Message History

Your Throwing skill increases to level 1!
Your Armour skill increases to level 1!
Your Shields skill increases to level 1!
Your Unarmed Combat skill increases to level 1!
Your Evocations skill increases to level 1!
There is a stone staircase leading down here.
You start resting.
Magic restored.
You start resting.
HP restored.
You climb downwards.
There is a stone staircase leading up here.
Things that are here:
a +0 club; a goblin skeleton You climb upwards.
There is a stone staircase leading down here.
You climb downwards.
The gnoll hits you from afar with a +0 spear.
The gnoll closely misses you.
There is a stone staircase leading up here.
Things that are here:
a +0 club; a goblin skeleton The gnoll completely misses you.
The gnoll barely misses you.
You completely miss the gnoll.
The gnoll hits you from afar with a +0 spear.
The gnoll misses you.
The gnoll hits you from afar with a +0 spear.
There is a stone staircase leading up here.
Things that are here:
a +0 club; a goblin skeleton The gnoll hits you with a +0 spear. x2
* * * LOW HITPOINT WARNING * * *
There is a stone staircase leading up here.
Things that are here:
a +0 club; a goblin skeleton The gnoll misses you.
The gnoll completely misses you.
You climb upwards.
There is a stone staircase leading down here.
The gnoll hits you from afar with a +0 spear!
You die...

..#.#.....##.......##.##.#...####
.........#.#.............#.).....
........#..########......#.#>####
###.######## #...........#...#
.....##.#.######........####.#.#
#.......#................# #.#.#
.........................#####.#
...............................#
####.##.#.....g.@........#######
........#)#####>g..#.....#
####.####.# #..).#.....#
..........# #....#.....#
#.#.######### #....#.....#
............# #....#.....#
..........#.# #....##'####
#.#.####.##.# #....##.# ..#.#
#.##.# #######.#


You could see 2 gnolls.

Vanquished Creatures
  2 gnolls
  An adder (D:2)
  A worm (D:1)
  A giant cockroach (D:1)
  5 goblins
  3 hobgoblins (D:1)
  2 ball pythons (D:1)
  2 frilled lizards (D:1)
  3 kobolds
  A rat (D:1)
21 creatures vanquished.

Notes
Turn   | Place    | Note
-------+----------+-------------------------------------------
     0 | D:1      | 101zpm the Gnoll Air Elementalist began the quest for the
                  | Orb.
     0 | D:1      | Reached XP level 1. HP: 13/13 MP: 6/6
   676 | D:1      | Reached XP level 2. HP: 19/19 MP: 5/7
   921 | D:1      | Found Tonn's Weapon Emporium.
  1233 | D:2      | Reached skill level 5 in Spellcasting
  1233 | D:2      | Reached XP level 3. HP: 25/25 MP: 2/9
  1627 | D:1      | Reached skill level 1 in Invocations
  1656 | D:1      | Reached skill level 1 in Fighting
  1656 | D:1      | Reached skill level 1 in Short Blades
  1656 | D:1      | Reached skill level 1 in Long Blades
  1656 | D:1      | Reached skill level 1 in Axes
  1656 | D:1      | Reached skill level 1 in Maces & Flails
  1656 | D:1      | Reached skill level 1 in Polearms
  1656 | D:1      | Reached skill level 1 in Staves
  1656 | D:1      | Reached skill level 1 in Slings
  1656 | D:1      | Reached skill level 1 in Bows
  1656 | D:1      | Reached skill level 1 in Crossbows
  1656 | D:1      | Reached skill level 1 in Throwing
  1656 | D:1      | Reached skill level 1 in Armour
  1656 | D:1      | Reached skill level 1 in Shields
  1656 | D:1      | Reached skill level 1 in Unarmed Combat
  1656 | D:1      | Reached skill level 1 in Evocations
  1737 | D:1      | Slain by a gnoll

Illustrated notes

Levels and vault maps discovered:
D:1:      matt_arrival_grand_opening, layout_basic, serial_shops,
          nicolae_shop_behind_doors
D:2:      minmay_evil_eye, layout_rooms, uniq_sigmund

Skill      XL: |  1  2  3 |
---------------+----------+-----
Conjurations   | 2 |  2.1
Spellcasting   | 5 |  5.0
Invocations    | 1 |  1.0
Fighting       | 1 |  1.0
Short Blades   | 1 |  1.0
Long Blades    | 1 |  1.0
Axes           | 1 |  1.0
Maces & Flails | 1 |  1.0
Polearms       | 1 |  1.0
Staves         | 1 |  1.0
Slings         | 1 |  1.0
Bows           | 1 |  1.0
Crossbows      | 1 |  1.0
Throwing       | 1 |  1.0
Armour         | 1 |  1.0
Shields        | 1 |  1.0
Unarmed Combat | 1 |  1.0
Evocations     | 1 |  1.0
Dodging        | |  4.6
Stealth        | |  4.2
Hexes          | |  0.7
Summonings     | |  0.7
Necromancy     | |  0.7
Translocations | |  0.7
Transmutations | |  0.7
Fire Magic     | |  0.7
Ice Magic      | |  0.7
Air Magic      | |  5.4
Earth Magic    | |  0.7
Poison Magic   | |  0.7

Action                   || total
-------------------------++-------
Melee: Unarmed           ||    15
       Bite              ||     2
 Cast: Shock             ||    50
Armor: Robe              ||     1
Dodge: Dodged            ||    24
